PCL
CALGARY COWBOYS @ SANTA MONICA BRUINS
09/01/2030
 
TOP OF THE 1ST
Calgary Cowboys batting - Pitching for Santa Monica Bruins : LHP Rafael Alemán
Pitching: LHP Rafael Alemán
Batting: RHB César Rodríguez 0-0: Ball
1-0: Foul Ball, location: 2F
1-1: SINGLE (Line Drive, 6M)
Batting: RHB Don Hooper 0-0: Ball
1-0: Ground out 4-3 (Groundball, 34)
César Rodríguez to second
Batting: RHB Alfredo Hernández 0-0: Called Strike
0-1: Foul Ball, location: 2F
0-2: Foul Ball, location: 2F
0-2: Foul Ball, location: 2F
0-2: Strikes out looking
Batting: LHB Edgar López 0-0: Ball
1-0: Ground out 4-3 (Groundball, 4)
Top of the 1st over - 0 runs, 1 hit, 0 errors, 1 left on base; Calgary 0 - Santa Monica 0
BOTTOM OF THE 1ST
Santa Monica Bruins batting - Pitching for Calgary Cowboys : RHP William Bryan
Pitching: RHP William Bryan
Batting: RHB Matt O'Rourke 0-0: SINGLE (Groundball, 56) (infield hit)
Batting: RHB Ernest Russell 0-0: Ball
1-0: Ball
2-0: Called Strike
2-1: Grounds into double play, 6-4-3 (Groundball, 6)
Batting: RHB John Nelson 0-0: Fly out, F8 (Flyball, 8RD)
Bottom of the 1st over - 0 runs, 1 hit, 0 errors, 0 left on base; Calgary 0 - Santa Monica 0
TOP OF THE 2ND
Calgary Cowboys batting - Pitching for Santa Monica Bruins : LHP Rafael Alemán
Batting: LHB Miguel Pérez 0-0: Ball
1-0: Swinging Strike
1-1: Ground out 3-1 (Groundball, 34S)
Batting: RHB Ismael Ortíz 0-0: Called Strike
0-1: Foul Ball, location: 2F
0-2: Foul Ball, location: 2F
0-2: Ball
1-2: Ball
2-2: Foul Ball, location: 2F
2-2: Foul Ball, location: 2F
2-2: Strikes out swinging
Batting: RHB Joe Lewis 0-0: DOUBLE (Line Drive, 9D)
Batting: LHB Del Kennedy 0-0: Ball
1-0: Ball
2-0: Called Strike
2-1: Foul Ball, location: 2F
2-2: Foul Ball, location: 2F
2-2: Foul Ball, location: 2F
2-2: Ground out 4-3 (Groundball, 4)
Top of the 2nd over - 0 runs, 1 hit, 0 errors, 1 left on base; Calgary 0 - Santa Monica 0
BOTTOM OF THE 2ND
Santa Monica Bruins batting - Pitching for Calgary Cowboys : RHP William Bryan
Batting: RHB Luis Martínez 0-0: Foul Ball, location: 2F
0-1: Swinging Strike
0-2: Ball
1-2: Ball
2-2: SINGLE (Groundball, 6MD)
Batting: LHB John White 0-0: Fly out, F8 (Flyball, 8LM)
Batting: LHB Jorge Souza 0-0: Ball
1-0: Called Strike
1-1: 2-RUN HOME RUN (Flyball, 7D), Distance : 361 ft
Batting: RHB Armando Colón 0-0: Foul Ball, location: 2F
0-1: Ball
1-1: Ball
2-1: Ball
3-1: Foul Ball, location: 2F
3-2: Base on Balls
Batting: RHB Dave King 0-0: Called Strike
0-1: Grounds into double play, 6-4-3 (Groundball, 6)
Bottom of the 2nd over - 2 runs, 2 hits, 0 errors, 0 left on base; Calgary 0 - Santa Monica 2
TOP OF THE 3RD
Calgary Cowboys batting - Pitching for Santa Monica Bruins : LHP Rafael Alemán
Batting: LHB Bo Rush 0-0: Fly out, F6 (Popup, P)
Batting: RHB César Rodríguez 0-0: Called Strike
0-1: Swinging Strike
0-2: Ball
1-2: Ball
2-2: SINGLE (Groundball, 56D)
Batting: RHB Don Hooper 0-0: Ball
1-0: Called Strike
1-1: Fly out, F7 (Line Drive, 7)
Batting: RHB Alfredo Hernández 0-0: Ball
1-0: Ball
César Rodríguez is caught stealing 2nd base
Top of the 3rd over - 0 runs, 1 hit, 0 errors, 0 left on base; Calgary 0 - Santa Monica 2
BOTTOM OF THE 3RD
Santa Monica Bruins batting - Pitching for Calgary Cowboys : RHP William Bryan
Batting: RHB Jung-ha Kim 0-0: Called Strike
0-1: Swinging Strike
0-2: Ball
1-2: Ball
2-2: Ball
3-2: Foul Ball, location: 2F
3-2: Foul Ball, location: 2F
3-2: Foul Ball, location: 2F
3-2: Strikes out looking
Batting: RHB Matt O'Rourke 0-0: Fly out, F7 (Flyball, 7)
Batting: RHB Ernest Russell 0-0: Called Strike
0-1: Ball
1-1: Ball
2-1: Swinging Strike
2-2: Strikes out swinging
Bottom of the 3rd over - 0 runs, 0 hits, 0 errors, 0 left on base; Calgary 0 - Santa Monica 2
TOP OF THE 4TH
Calgary Cowboys batting - Pitching for Santa Monica Bruins : LHP Rafael Alemán
Batting: RHB Alfredo Hernández 0-0: Ball
1-0: Ball
2-0: Called Strike
2-1: Fly out, F4 (Popup, 34D)
Batting: LHB Edgar López 0-0: SINGLE (Groundball, 34S) (infield hit)
Batting: LHB Miguel Pérez 0-0: Called Strike
0-1: Called Strike
0-2: Ball
1-2: Grounds into double play, 6-4-3 (Groundball, 6)
Top of the 4th over - 0 runs, 1 hit, 0 errors, 0 left on base; Calgary 0 - Santa Monica 2
BOTTOM OF THE 4TH
Santa Monica Bruins batting - Pitching for Calgary Cowboys : RHP William Bryan
Batting: RHB John Nelson 0-0: Called Strike
0-1: Ball
1-1: Ball
2-1: Foul Ball, location: 2F
2-2: Ball
3-2: Base on Balls
Batting: RHB Luis Martínez 0-0: Ball
1-0: DOUBLE (Line Drive, 7LM)
John Nelson to third
Runner from 3rd tries for Home, SAFE, no throw
Batting: LHB John White 0-0: Called Strike
0-1: Foul Ball, location: 2F
0-2: Foul Ball, location: 2F
0-2: Ball
1-2: Foul Ball, location: 2F
1-2: SINGLE (Groundball, 6D)
Luis Martínez to third
Batting: LHB Jorge Souza 0-0: Called Strike
0-1: Fly out, F8 (Flyball, 8LM)
Batting: RHB Armando Colón 0-0: Foul Ball, location: 2F
0-1: SINGLE (Line Drive, 78M)
Luis Martínez scores
John White to second
Batting: RHB Dave King 0-0: Foul Ball, location: 2F
0-1: Swinging Strike
0-2: Fly out, F9 (Flyball, 9S)
Batting: RHB Jung-ha Kim 0-0: Foul Ball, location: 2F
0-1: Foul Ball, location: 2F
0-2: Fly out, F8 (Flyball, 8LS)
Bottom of the 4th over - 2 runs, 3 hits, 0 errors, 2 left on base; Calgary 0 - Santa Monica 4
TOP OF THE 5TH
Calgary Cowboys batting - Pitching for Santa Monica Bruins : LHP Rafael Alemán
Batting: RHB Ismael Ortíz 0-0: Called Strike
0-1: Ball
1-1: Foul Ball, location: 2F
1-2: Foul Ball, location: 2F
1-2: Fly out, F6 (Line Drive, 6)
Batting: RHB Joe Lewis 0-0: Ball
1-0: Ground out 5-3 (Groundball, 56S)
Batting: LHB Del Kennedy 0-0: Ball
1-0: Ball
2-0: Foul Ball, location: 2F
2-1: Called Strike
2-2: Foul Ball, location: 2F
2-2: SINGLE (Groundball, 34D)
Batting: LHB Bo Rush 0-0: Ball
1-0: Foul Ball, location: 2F
1-1: Foul Ball, location: 2F
1-2: SINGLE (Groundball, 4MD)
Del Kennedy to second
Runner from 2nd tries for 3rd, OUT!
Top of the 5th over - 0 runs, 2 hits, 0 errors, 1 left on base; Calgary 0 - Santa Monica 4
BOTTOM OF THE 5TH
Santa Monica Bruins batting - Pitching for Calgary Cowboys : RHP William Bryan
Batting: RHB Matt O'Rourke 0-0: Ball
1-0: Ball
2-0: Ball
3-0: Base on Balls
Batting: RHB Ernest Russell 0-0: Ball
1-0: Called Strike
Matt O'Rourke steals 2nd base
1-1: Ball
2-1: Swinging Strike
2-2: Ball
3-2: Foul Ball, location: 2F
3-2: Foul Ball, location: 2F
3-2: Foul Ball, location: 2F
3-2: Foul Ball, location: 2F
3-2: Fly out, F9 (Flyball, 9S)
Batting: RHB John Nelson 0-0: Ball
1-0: Foul Ball, location: 2F
1-1: Ground out 5-3 (Groundball, 5)
Batting: RHB Luis Martínez 0-0: Called Strike
0-1: Foul Ball, location: 2F
0-2: Strikes out swinging
Bottom of the 5th over - 0 runs, 0 hits, 0 errors, 1 left on base; Calgary 0 - Santa Monica 4
TOP OF THE 6TH
Calgary Cowboys batting - Pitching for Santa Monica Bruins : LHP Rafael Alemán
Batting: RHB César Rodríguez 0-0: Called Strike
0-1: Ball
1-1: Reached on error, E6 (Groundball, 6)
Batting: RHB Don Hooper 0-0: Called Strike
0-1: Foul Ball, location: 2F
0-2: Strikes out swinging
Batting: RHB Alfredo Hernández 0-0: Ball
1-0: Foul Ball, location: 2F
1-1: Called Strike
1-2: Ball
2-2: Strikes out looking
Batting: LHB Edgar López 0-0: Called Strike
César Rodríguez steals 2nd base
0-1: Swinging Strike
0-2: Strikes out looking
Top of the 6th over - 0 runs, 0 hits, 1 error, 1 left on base; Calgary 0 - Santa Monica 4
BOTTOM OF THE 6TH
Santa Monica Bruins batting - Pitching for Calgary Cowboys : RHP William Bryan
Batting: LHB John White 0-0: Ball
1-0: Ball
2-0: SINGLE (Groundball, 4D)
Batting: LHB Jorge Souza 0-0: Swinging Strike
0-1: 2-RUN HOME RUN (Flyball, 9D), Distance : 363 ft
Pitching: LHP Macy Catron
Batting: RHB Armando Colón 0-0: Ball
1-0: Foul Ball, location: 2F
1-1: Ball
2-1: Foul Ball, location: 2F
2-2: SINGLE (Line Drive, 8RM)
Batting: RHB Dave King 0-0: Called Strike
0-1: Fly out, F8 (Flyball, 8RXD)
Batting: RHB Jung-ha Kim 0-0: Ball
1-0: Ball
2-0: Ball
3-0: Called Strike
3-1: Base on Balls
Armando Colón to second
Batting: RHB Matt O'Rourke 0-0: Called Strike
0-1: Foul Ball, location: 2F
0-2: Fly out, F5 (Line Drive, 56)
Batting: RHB Ernest Russell 0-0: Called Strike
0-1: Ball
1-1: Reached on error, E5 (Groundball, 56)
Armando Colón to third
Jung-ha Kim to second
Batting: RHB John Nelson 0-0: Swinging Strike
0-1: Swinging Strike
0-2: Ball
1-2: Foul Ball, location: 2F
1-2: Ball
2-2: Ball
3-2: Strikes out swinging
Bottom of the 6th over - 2 runs, 3 hits, 1 error, 3 left on base; Calgary 0 - Santa Monica 6
TOP OF THE 7TH
Calgary Cowboys batting - Pitching for Santa Monica Bruins : LHP Rafael Alemán
Batting: LHB Miguel Pérez 0-0: Ball
1-0: Fly out, F8 (Line Drive, 8LM)
Batting: RHB Ismael Ortíz 0-0: Ball
1-0: Called Strike
1-1: Foul Ball, location: 2F
1-2: Foul Ball, location: 2F
1-2: Ball
2-2: Ball
3-2: Base on Balls
Batting: RHB Joe Lewis 0-0: Ball
1-0: Swinging Strike
1-1: Foul Ball, location: 2F
1-2: Foul Ball, location: 2F
1-2: Ball
2-2: Strikes out swinging
Batting: LHB Del Kennedy 0-0: 2-RUN HOME RUN (Flyball, 7LD), Distance : 340 ft
Batting: LHB Bo Rush 0-0: Ball
1-0: SINGLE (Groundball, 34D)
Pitching: RHP Bartolo Romo
Batting: RHB César Rodríguez 0-0: Ball
1-0: Called Strike
1-1: Foul Ball, location: 2F
1-2: Ball
2-2: Fly out, F8 (Flyball, 8LM)
Top of the 7th over - 2 runs, 2 hits, 0 errors, 1 left on base; Calgary 2 - Santa Monica 6
BOTTOM OF THE 7TH
Santa Monica Bruins batting - Pitching for Calgary Cowboys : LHP Macy Catron
Batting: RHB Luis Martínez 0-0: Foul Ball, location: 2F
0-1: Foul Ball, location: 2F
0-2: Foul Ball, location: 2F
0-2: Ball
1-2: Ball
2-2: Ground out 6-3 (Groundball, 6MD)
Batting: LHB John White 0-0: Called Strike
0-1: Ball
1-1: SOLO HOME RUN (Line Drive, 9D), Distance : 367 ft
Batting: LHB Jorge Souza 0-0: Called Strike
0-1: Foul Ball, location: 2F
0-2: Ball
1-2: Foul Ball, location: 2F
1-2: Ball
2-2: Ball
3-2: Ground out 1-3 (Groundball, 13)
Batting: RHB Armando Colón 0-0: SINGLE (Line Drive, 7S)
Batting: RHB Dave King 0-0: SINGLE (Groundball, 6D)
Armando Colón to second
Batting: RHB Jung-ha Kim 0-0: Swinging Strike
0-1: Fielders Choice at 2nd, 5-4 (Groundball, 5)
Bottom of the 7th over - 1 run, 3 hits, 0 errors, 2 left on base; Calgary 2 - Santa Monica 7
TOP OF THE 8TH
Calgary Cowboys batting - Pitching for Santa Monica Bruins : RHP Bartolo Romo
Batting: RHB Don Hooper 0-0: Ground out 6-3 (Groundball, 6)
Batting: RHB Alfredo Hernández 0-0: Swinging Strike
0-1: Ball
1-1: Ball
2-1: Called Strike
2-2: Ball
3-2: Base on Balls
Batting: LHB Edgar López 0-0: Ball
1-0: Ball
2-0: Ball
3-0: Called Strike
3-1: Foul Ball, location: 2F
3-2: Foul Ball, location: 2F
3-2: Base on Balls
Alfredo Hernández to second
Batting: LHB Miguel Pérez 0-0: Ball
1-0: Fielders Choice at 2nd, 3-6 (Groundball, 3)
Alfredo Hernández to third
Batting: RHB Ismael Ortíz 0-0: Ground out 1-3 (Groundball, 15S)
Top of the 8th over - 0 runs, 0 hits, 0 errors, 2 left on base; Calgary 2 - Santa Monica 7
BOTTOM OF THE 8TH
Santa Monica Bruins batting - Pitching for Calgary Cowboys : LHP Macy Catron
Batting: RHB Matt O'Rourke 0-0: Ball
1-0: Fly out, F7 (Flyball, 7S)
Batting: RHB Ernest Russell 0-0: Ball
1-0: Ball
2-0: Ball
3-0: Called Strike
3-1: Called Strike
3-2: Foul Ball, location: 2F
3-2: Foul Ball, location: 2F
3-2: Base on Balls
Pitching: RHP Mitsunari Jouda
Batting: RHB John Nelson 0-0: Ball
1-0: Foul Ball, location: 2F
1-1: Grounds into double play, 6-4-3 (Groundball, 6)
Bottom of the 8th over - 0 runs, 0 hits, 0 errors, 0 left on base; Calgary 2 - Santa Monica 7
TOP OF THE 9TH
Calgary Cowboys batting - Pitching for Santa Monica Bruins : RHP Bartolo Romo
Batting: RHB Joe Lewis 0-0: Ball
1-0: Foul Ball, location: 2F
1-1: Swinging Strike
1-2: Foul Ball, location: 2F
1-2: Ball
2-2: Fly out, F4 (Popup, 4S)
Batting: LHB Del Kennedy 0-0: Ball
1-0: Ground out 4-3 (Groundball, 4)
Batting: LHB Bo Rush 0-0: Ball
1-0: Ball
2-0: Ball
3-0: Foul Ball, location: 2F
3-1: Foul Ball, location: 2F
3-2: Ground out 5-3 (Groundball, 5L)
Top of the 9th over - 0 runs, 0 hits, 0 errors, 0 left on base; Calgary 2 - Santa Monica 7
Saturday, April 7th, 2018 - OOTP Baseball 18.8 Build 76